Map: Korhal Carnage Knockout LE

Players

Yankees - Winner!

  • Race: Protoss Protoss
  • League: Silver

Mindele

  • Race: Terran Terran
  • League: Bronze

VOD

Have the link to the VOD?

Description

Time

  • Played on: May 14, 2016, 7:26 p.m.
  • Length: 10:41
Show
View Real Time Build Order
Export as new Build Order

Yankees Protoss - Winner!

Build Orders: Cannon Rush 

Get SALT Encoding   

  12  0:03  Probe (Chrono Boost)  
  13  0:14  Pylon  
  13  0:30  Probe (Chrono Boost)  
  13  0:33  Forge  
  14  0:40  Probe (Chrono Boost)  
  15  0:51  Probe (Chrono Boost)  
  15  0:56  Pylon  
  16  1:01  Probe (Chrono Boost)  
  17  1:18  Pylon  
  17  1:39  Photon Cannon  
  17  1:41  Photon Cannon  
  17  1:44  Gateway  
  17  1:46  Pylon  
  17  1:53  Photon Cannon  
  17  2:05  Photon Cannon  
  17  2:36  Zealot  
  19  2:45  Probe (Chrono Boost)  
  20  2:56  Probe (Chrono Boost)  
  21  3:00  Photon Cannon  
  21  3:03  Zealot  
  23  3:06  Probe (Chrono Boost)  
  22  3:17  Probe (Chrono Boost), Photon Cannon  
  23  3:20  Photon Cannon  
  23  3:27  Probe (Chrono Boost)  
  23  3:31  Pylon  
  22  3:44  Nexus  
  22  3:49  Pylon  
  22  3:54  Assimilator  
  22  3:59  Photon Cannon  
  22  4:03  Cybernetics Core  
  22  4:07  Assimilator  
  22  4:10  Probe (Chrono Boost)  
  22  4:13  Assimilator  
  23  4:23  Photon Cannon  
  23  4:27  Photon Cannon  
  23  4:34  Assimilator  
  23  4:40  Pylon  
  23  4:46  Probe (Chrono Boost)  
  24  4:57  Probe (Chrono Boost)  
  25  5:00  Photon Cannon  
  25  5:05  Photon Cannon  
  25  5:08  Probe (Chrono Boost)  
  26  5:15  Mothership Core (Chrono Boost)  
  26  5:18  Probe (Chrono Boost)  
  29  5:29  Probe (Chrono Boost)  
  28  5:39  Probe (Chrono Boost)  
  28  5:41  Photon Cannon  
  29  5:50  Probe (Chrono Boost)  
  29  6:00  Probe (Chrono Boost)  
  30  6:05  Stargate  
  30  6:10  Stargate  
  30  6:11  Probe (Chrono Boost)  
  31  6:19  Gateway  
  31  6:31  Probe (Chrono Boost)  
  32  6:33  Photon Cannon  
  32  6:39  Probe (Chrono Boost)  
  33  6:42  Probe (Chrono Boost)  
  34  6:50  Probe (Chrono Boost)  
  35  7:02  Void Ray (Chrono Boost)  
  35  7:08  Sentry (Chrono Boost)  
  41  7:16  Void Ray (Chrono Boost)  
  41  7:21  Protoss Air Weapons Level 1 (Chrono Boost)  
  45  7:23  Probe  
  45  7:25  Probe  
  47  7:34  Sentry  
  47  7:35  Probe  
  50  7:38  Probe  
  50  7:41  Void Ray  
  55  7:51  Void Ray (Chrono Boost)  
  55  7:55  Probe  
  60  8:01  Probe  
  61  8:07  Probe  
  62  8:17  Fleet Beacon  
  62  8:28  Void Ray (Chrono Boost)  
  66  8:40  Probe (Chrono Boost)  
  67  8:46  Probe (Chrono Boost)  
  68  8:51  Probe (Chrono Boost)  
  69  8:58  Probe (Chrono Boost)  
  70  9:08  Pylon  
  70  9:12  Pylon  
  70  9:14  Probe (Chrono Boost)  
  70  9:16  Probe (Chrono Boost)  
  60  9:28  Probe (Chrono Boost)  
  57  9:45  Tempest (Chrono Boost)  
  57  9:50  Tempest (Chrono Boost)  
  57  9:52  Stalker  
  57  10:01  Photon Cannon  
  57  10:03  Photon Cannon  
  59  10:08  Mothership Core (Chrono Boost)  
Show
View Real Time Build Order
Export as new Build Order

Mindele Terran 

Build Orders:  

Get SALT Encoding   

  12  0:01  SCV  
  13  0:14  SCV  
  14  0:17  Supply Depot  
  14  0:26  SCV  
  15  0:39  SCV  
  15  0:42  Barracks  
  16  0:51  SCV  
  17  0:58  Barracks  
  17  1:03  SCV  
  18  1:08  Refinery  
  18  1:15  SCV  
  19  1:30  Orbital Command  
  19  1:37  Supply Depot  
  19  1:39  Marine  
  20  1:50  Bunker  
  20  1:51  Marine  
  21  1:57  SCV  
  22  2:03  Marine  
  23  2:10  Marine  
  22  2:31  Marine x2  
  24  2:50  Marine  
  25  2:56  Marine  
  26  3:04  Barracks  
  26  3:06  Barracks  
  26  3:07  Supply Depot  
  26  3:21  Marine x2  
  28  3:39  Marine x2  
  26  3:57  Marine  
  30  4:03  SCV  
  30  4:06  Refinery  
  30  4:09  Reaper x2  
  30  4:10  Reaper  
  30  4:15  SCV  
  32  4:26  Marine  
  32  4:27  SCV  
  32  4:29  Supply Depot  
  34  4:38  Factory  
  34  4:42  Marine  
  35  5:05  Marine x2  
  35  5:06  Marine x2  
  39  5:07  SCV  
  40  5:19  Supply Depot, SCV  
  41  5:32  Marine  
  42  5:47  Marine  
  42  5:48  Marine x2  
  42  5:50  Factory Tech Lab  
  42  5:53  SCV  
  42  5:54  Marine  
  44  6:05  SCV  
  40  6:22  Marine x2  
  40  6:23  Marine x2  
  43  6:30  Armory  
  43  6:39  Marine  
  44  6:40  SCV  
  44  6:42  Supply Depot  
  44  6:43  Marine x2  
  47  6:48  Marine  
  47  6:52  SCV  
  49  7:02  Reaper x2  
  49  7:03  Reaper  
  49  7:04  SCV  
  53  7:12  Supply Depot  
  53  7:13  Marine  
  54  7:16  SCV  
  55  7:23  Thor  
  55  7:28  SCV  
  62  7:30  Terran Vehicle And Ship Armor Level 1  
  62  7:33  Marine  
  63  7:40  SCV  
  64  7:50  Marine x2  
  64  7:51  Marine  
  67  7:52  Marine  
  67  7:54  SCV  
  69  8:06  Thor, SCV  
  76  8:14  Marine  
  76  8:15  Marine  
  76  8:16  Marine  
  79  8:22  Supply Depot  
  79  8:43  Marine  
  47  9:27  Marine  
  47  9:28  Marine x2  
  34  9:58  Marine x4  
  38  10:15  Marine  
Tags
 
Add a new tag
Caveats
  • Supply blocks, unpowered buildings, or Contaminate may cause inaccurate times.
  • Supply counts are checked every 10 seconds.